 Dungeon Crawl Stone Soup version 0.30-a0-639-g3916f1956a (webtiles) character file.

Game seed: 4339930904502568184

101 browni3141 the Sneak (level 5, -9/32 HPs)
             Began as a Kobold Brigand on Jan 15, 2023.
             Killed from afar by a white imp (12 damage)
             ... with a puff of frost
             ... on level 4 of the Dungeon.
             The game lasted 00:02:19 (2761 turns).

browni3141 the Sneak (Kobold Brigand)               Turns: 2761, Time: 00:02:19

Health: -9/32      AC:  3    Str:  9    XL:     5   Next: 4%
Magic:  5/5        EV: 15    Int: 12    God:
Gold:   212        SH:  0    Dex: 18    Spells: 4/4 levels left

rFire   . . .      SeeInvis .    l - +2 dagger (freeze)
rCold   . . .      Faith    .    (no shield)
rNeg    . . .      Spirit   .    b - +0 robe
rPois   .          Reflect  .    (no helmet)
rElec   .          Harm     .    f - +0 cloak
rCorr   .          Rampage  .    (no gloves)
Will    .....                    (no boots)
Stlth   ++++                     (no amulet)
HPRegen 0.25/turn                (no ring)
MPRegen 0.09/turn                (no ring)

@: no status effects
A: small, no large weapons, nightstalker 3
a: no special abilities


You were on level 4 of the Dungeon.
You visited 1 branch of the dungeon, and saw 4 of its levels.

You collected 212 gold pieces.

Inventory:

Hand Weapons
 a - a +2 dagger
 l - a +2 dagger of freezing (weapon)
Missiles
 d - 9 poisoned darts
 e - 3 curare-tipped darts (quivered)
Armour
 b - a +0 robe (worn)
 c - a +0 cloak
 f - a +0 cloak (worn)
 n - an orb of guile
Jewellery
 y - a ring of protection from cold
Scrolls
 k - a scroll of identify {unknown}
 m - a scroll of enchant armour {unknown}
 p - a scroll of fog {unknown}
 q - a scroll of poison {unknown}
 r - a scroll of noise {unknown}
 u - a scroll of magic mapping {unknown}
 v - a scroll of amnesia {unknown}
 w - 2 scrolls of teleportation {unknown}
Potions
 g - a potion of cancellation
 h - a potion of resistance
 i - a potion of brilliance {unknown}
 j - 2 potions of curing {unknown}
 o - a potion of lignification {unknown}
 s - a potion of invisibility {unknown}
 t - a potion of might {unknown}
 x - 2 potions of degeneration {unknown}
 z - a potion of attraction {unknown}
 A - a potion of ambrosia {unknown}


   Skills:
 + Level 3.1 Fighting
 + Level 3.8 Short Blades
 - Level 2.5 Throwing
 + Level 2.7 Dodging
 + Level 6.1 Stealth


You had 4 spell levels left.
You didn't know any spells.
Your spell library contained the following spells:

 Spells                   Type           Power      Damage    Failure   Level
 Olgreb's Toxic Radiance  Pois           0%         N/A       97%         4
 Ozocubu's Refrigeration  Ice            0%         4d7       100%        7
 Ignition                 Fire           0%         3d3       100%        8


Dungeon Overview and Level Annotations

Branches:
Dungeon (4/15)
 Temple: D:4-7

Altars:


Innate Abilities, Weirdness & Mutations

You are small and have problems with some larger weapons.
You are completely attuned to the shadows.


Message History

There is an open door here.
The ufetubus misses you. The ufetubus closely misses you.
You barely miss the ufetubus. The ufetubus barely misses you.
The ufetubus hits you.
The white imp shouts, "Leave, thou peaked dread-bolted canker-blossom!"
You hit the ufetubus.
The ufetubus is moderately wounded.
The ufetubus closely misses you. The ufetubus barely misses you.
You hit the ufetubus.
The ufetubus is heavily wounded.
The ufetubus hits you.
* * * LOW HITPOINT WARNING * * *
The ufetubus hits you but does no damage.
You hit the ufetubus.
The ufetubus is almost dead.
The ufetubus hits you but does no damage.
The ufetubus barely misses you.
You hit the ufetubus.
You kill the ufetubus!
You have reached level 5!
You feel stronger.
You closely miss the white imp.
The white imp is heavily wounded.
The white imp misses you.
You completely miss the white imp.
The white imp is heavily wounded.
The white imp hits you.
* * * LOW HITPOINT WARNING * * *
The white imp freezes you.
* * * LOW HITPOINT WARNING * * *
It was a potion of resistance.
You feel protected.
The white imp hits you but does no damage.
It was a potion of cancellation.
Your magical effects are unravelling.
You feel magically purged.
Your resistance to elements expires.
The white imp gestures at you. The puff of frost hits you!
You die...

.............
.............
#....#.............
#....#..........:..
#....#........@....
#....#.....##5#####
#.>..'.....+......###
###'##.....#.5.5..§§§
#..........#.......§§
#.....######......h≈≈
#.....'...#.........P
#.....#...#.......#..
......#...#.......#..


You could see a white imp and a shadow imp.

Vanquished Creatures
  5 adders
  An ufetubus (D:4)
  2 dart slugs
  6 endoplasms
  2 giant cockroaches
  5 goblins
  5 hobgoblins
  2 jackals (D:2)
  2 ball pythons (D:3)
  4 bats
  3 frilled lizards (D:2)
  9 kobolds
  4 rats
50 creatures vanquished.

Notes
Turn   | Place    | Note
-------+----------+-------------------------------------------
     0 | D:1      | browni3141 the Kobold Brigand began the quest for the Orb.
     0 | D:1      | Reached XP level 1. HP: 12/12 MP: 1/1
   262 | D:1      | Reached XP level 2. HP: 18/18 MP: 2/2
  1048 | D:2      | Reached XP level 3. HP: 22/22 MP: 3/3
  1484 | D:2      | Reached XP level 4. HP: 13/27 MP: 4/4
  2008 | D:3      | Reached skill level 6 in Stealth
  2758 | D:4      | Reached XP level 5. HP: 9/32 MP: 5/5
  2761 | D:4      | Killed from afar by a white imp

Illustrated notes

Levels and vault maps discovered:
D:1:      dpeg_arrival_stonehenge_12_columns, layout_loops_ring,
          kennysheep_minor_cross, hangedman_decor_lopped
D:2:      layout_basic
D:3:      layout_loops_cross, minmay_misc_feat_ornament
D:4:      minmay_razor_zed, layout_gridville, serial_demonic, serial_demonic_g,
          serial_demonic_c, serial_demonic_g, serial_demonic_d, minivault_5

Skill      XL: |  1  2  3  4 |
---------------+-------------+-----
Short Blades   | 3 |  3.8
Dodging        | 2 |  2.7
Stealth        | 6 |  6.1
Fighting       | 3 |  3.1
Throwing       | |  2.5

Action                   |  1- 3 |  4- 6 || total
-------------------------+-------+-------++-------
Melee: Dagger            |    47 |    43 ||    90
Throw: Dart              |     1 |       ||     1
  Use: Potion            |       |     2 ||     2
 Stab: Sleeping          |    19 |    10 ||    29
Armor: Robe              |     4 |     6 ||    10
Dodge: Dodged            |    20 |    33 ||    53

Table legend: (Time is in decaauts)
 A = Elapsed time spent in this place.
 B = Non-inter-level travel time spent in this place.
 C = Inter-level travel time spent in this place.
 D = Time resting spent in this place.
 E = Time spent auto-exploring this place.
 F = Levels seen in this place.
 G = Mean time per level.
                   A        B        C        D        E       F      G
               +--------+--------+--------+--------+--------+-----+--------+
         Total |   2745 |   2648 |     97 |     84 |   2230 |   4 |  686.2 |
       Dungeon |   2745 |   2648 |     97 |     84 |   2230 |   4 |  686.2 |
               +--------+--------+--------+--------+--------+-----+--------+

Top non-repeatable levels by time:
     D:2: 1205 daAuts
     D:1: 754 daAuts
     D:3: 728 daAuts
     D:4: 56 daAuts
